 Dungeon Crawl Stone Soup version 0.30.1-3-gfc49f6343a (webtiles) character file.

Game seed: 14789721512405901678

18 H0rd4k the Charlatan (level 2, -1/18 HPs)
             Began as an Octopode Artificer on Aug 1, 2023.
             Shot with a sling bullet by a goblin (7 damage)
             ... on level 2 of the Dungeon.
             The game lasted 00:00:39 (956 turns).

H0rd4k the Charlatan (Octopode Artificer)            Turns: 956, Time: 00:00:39

Health: -1/18      AC:  1    Str: 11    XL:     2   Next: 66%
Magic:  2/2        EV: 13    Int: 13    God:
Gold:   75         SH:  0    Dex: 12    Spells: 1/1 levels left

rFire   . . .        (no weapon)
rCold   . . .        (no shield)
rNeg    . . .        (helmet restricted)
rPois   .            (no amulet)
rElec   .            (no ring)
rCorr   .            (no ring)
SInv    .            (no ring)
Will    .....        (no ring)
Stlth   +++          (no ring)
HPRegen 0.23/turn    (no ring)
MPRegen 0.08/turn    (no ring)
                     (no ring)

%: no passive effects
@: lethally poisoned (-1 -> -6)
A: almost no armour, amphibious, 8 rings, camouflage 1, gelatinous body 1,
(nimble swimmer 1), tentacles
a: no special abilities


You were on level 2 of the Dungeon.
You visited 1 branch of the dungeon, and saw 2 of its levels.

You collected 75 gold pieces.

Inventory:

Armour
 k - an orb of light
Wands
 b - a wand of flame (14) (quivered)
 c - a wand of charming (14)
 d - a wand of iceblast (5)
Scrolls
 a - a scroll of amnesia {unknown}
 e - 2 scrolls of identify {unknown}
 i - 2 scrolls of enchant weapon {unknown}
Potions
 f - a potion of might {unknown}
 g - a potion of curing {unknown}
 h - a potion of brilliance {unknown}
 j - 2 potions of mutation {unknown}


   Skills:
 + Level 1.0 Fighting
 + Level 2.7 Dodging
 + Level 2.1 Stealth
 + Level 0.2 Unarmed Combat
 + Level 3.7 Evocations


You had one spell level left.
You didn't know any spells.
Your spell library contained the following spells:

 Spells                   Type           Power      Damage    Failure   Level
 Ozocubu's Armour         Ice            0%         N/A       67%         3
 Ozocubu's Refrigeration  Ice            0%         4d7       100%        7


Dungeon Overview and Level Annotations

Branches:
Dungeon (2/15)

Altars:


Innate Abilities, Weirdness & Mutations

You cannot wear most types of armour.
You are amphibious.
You can wear up to eight rings at the same time.
Your skin changes colour to match your surroundings (Stealth+).
Your rubbery body absorbs attacks. (AC +1, EV +1)
((You are camouflaged when in or above water. (Stealth+)))
You have tentacles for arms and can constrict up to eight enemies at once.


Message History

Done exploring.
Done exploring.
(D) Dungeon
Where to? (Enter - D:1 @ (x,y), ? - help)
There is a stone staircase leading down here.
You climb downwards.
Found a scroll labelled FIOMEFUHOL.
There is a stone staircase leading up here.
An adder is nearby!
An adder is nearby!
An adder is nearby!
A goblin comes into view. It is wielding a +0 dagger.
There are monsters nearby!
The adder hisses angrily.
The adder bites you. The adder misses you.
The goblin unwields a +0 dagger.
The goblin wields a +0 sling.
The goblin shoots a sling bullet.
The sling bullet hits you.
You tentacle-slap the adder. Your grab misses the adder.
Your squeeze misses the adder.
The adder is lightly wounded.
The adder misses you.
You closely miss the adder. Your grab misses the adder.
Your squeeze misses the adder.
The goblin shoots a sling bullet.
The sling bullet completely misses you. The adder barely misses you.
You tentacle-slap the adder but do no damage.
You grab the adder. You constrict the adder. The adder closely misses you.
The goblin shoots a sling bullet.
The sling bullet barely misses you. The adder bites you.
You tentacle-slap the adder but do no damage.
The adder is lightly wounded.
You constrict the adder.
The goblin shoots a sling bullet.
The sling bullet barely misses you. The adder bites you.
You are poisoned.
The adder poisons you!
You are too injured to fight recklessly!
You tentacle-slap the adder but do no damage.
The adder is moderately wounded.
You constrict the adder.
You feel sick.
The goblin shoots a sling bullet.
The sling bullet hits you!
You die...

#. ... #.# ..#
#.#########
#.#.S......
###.###.#@######
....g.?..........
.....#.#.#######
... #<......#
.#.....#.###.#
............
###.#......... ..
#...#.##### ..
#......


You could see an adder and a goblin.

Vanquished Creatures
  A dart slug (D:1)
  2 endoplasms (D:1)
  A giant cockroach (D:1)
  A goblin (D:1)
  A kobold (D:1)
  A quokka (D:1)
  A ball python (D:1)
  3 bats (D:1)
  A frilled lizard (D:1)
  3 rats (D:1)
15 creatures vanquished.

Vanquished Creatures (others)
  A quokka (D:1)
1 creature vanquished.

Grand Total: 16 creatures vanquished

Notes
Turn   | Place    | Note
-------+----------+-------------------------------------------
     0 | D:1      | H0rd4k the Octopode Artificer began the quest for the Orb.
     0 | D:1      | Reached XP level 1. HP: 13/13 MP: 1/1
   263 | D:1      | Reached XP level 2. HP: 9/18 MP: 2/2
   956 | D:2      | Shot with a sling bullet by a goblin

Illustrated notes

Levels and vault maps discovered:
D:1:      wheals_arrival_linesprint, layout_loops_ring
D:2:      layout_basic, serial_shops, shop, amcnicky_mini_corridor_feature

Skill      XL: |  1  2 |
---------------+-------+-----
Stealth        | 2 |  2.1
Fighting       | |  1.0
Dodging        | |  2.7
Unarmed Combat | |  0.2
Evocations     | |  3.7

Action                     || total
---------------------------++-------
  Melee: Unarmed           ||    47
         Constrict         ||    13
         Tentacles         ||    11
  Evoke: Wand              ||     2
   Stab: Sleeping          ||     7
 Armour: Skin              ||     7
  Dodge: Dodged            ||    46
